 Dungeon Crawl Stone Soup version 0.23.2-33-g5129a83184 (webtiles) character file.

Game seed: 1150010545404157541

11508 H0rd4k the Eclecticist (level 11, -3/54 HPs)
             Began as a Deep Elf Wizard on July 15, 2019.
             Was a High Priest of Sif Muna.
             Shot with an arrow by a centaur (12 damage)
             ... on level 11 of the Dungeon.
             The game lasted 01:03:17 (18131 turns).

H0rd4k the Eclecticist (Deep Elf Wizard)           Turns: 18131, Time: 01:03:18

Health: -3/54      AC:  6    Str:  4    XL:     11   Next: 50%
Magic:  21/32      EV: 14    Int: 35    God:    Sif Muna [*****.]
Gold:   242        SH:  0    Dex: 13    Spells: 7/41 levels left

rFire    . . .     SeeInvis .   y - staff of air
rCold    . . .     Gourm    +   (no shield)
rNeg     + . .     Faith    .   z - +2 robe {MR+}
rPois    +         Spirit   .   b - +0 hat
rElec    +         Reflect  .   (no cloak)
rCorr    .         Harm     .   (no gloves)
MR       ++...                  L - +1 pair of boots
Stlth    +++.......             A - amulet of the gourmand
HPRegen  0.18/turn              B - ring of positive energy
MPRegen  0.23/turn              G - ring of Paown {Wiz *Drain rPois Int+8}

@: studying 2 skills
A: no striking features
a: Divine Energy, Channel Magic, Forget Spell, Renounce Religion


You were on level 11 of the Dungeon.
You worshipped Sif Muna.
Sif Muna was extremely pleased with you.
You were not hungry.

You visited 2 branches of the dungeon, and saw 12 of its levels.
You also visited: Sewer.

You collected 632 gold pieces.
You spent 390 gold pieces at shops.

Inventory:

Hand Weapons
 c - a +2 dagger of venom
 i - the +4 dagger "Qigyt" {pierce, *Corrode +Rage Str+8}
   (You found it on level 8 of the Dungeon)

   It inflicts extra damage upon your enemies.
   It affects your strength (+8).
   It lets you go berserk.
   It may corrode you when you take damage.
 x - the +3 halberd "Jout" {venom, rF+ Str+8 Int-3 Dex+3}
   (You took it off a gnoll on level 3 of the Dungeon)

   It poisons the flesh of those it strikes.
   It affects your strength (+8).
   It affects your intelligence (-3).
   It affects your dexterity (+3).
   It protects you from fire.
Missiles
 h - 7 tomahawks of returning (quivered)
Armour
 b - a +0 hat (worn)
 z - a +2 robe of magic resistance (worn)
 L - a +1 pair of boots (worn)
Magical Staves
 y - an uncursed staff of air (weapon)
Jewellery
 j - a +4 ring of dexterity
 A - an amulet of the gourmand (around neck)
 B - a ring of positive energy (left hand)
 G - the ring of Paown (right hand) {Wiz *Drain rPois Int+8}
   (You found it on level 7 of the Dungeon)

   [ring of wizardry]

   It improves your spell success rate.
   It affects your intelligence (+8).
   It protects you from poison.
   It causes draining when unequipped.
 K - an uncursed ring of resist corrosion
Wands
 C - a wand of iceblast (10)
 E - a wand of disintegration (15)
 H - a wand of flame (2)
 J - a wand of paralysis (5)
Scrolls
 f - 3 scrolls of enchant armour
 l - 5 scrolls of remove curse
 q - 2 scrolls of enchant weapon
 t - 2 scrolls of fog
 w - a scroll of blinking
 D - a scroll of torment {unknown}
 F - a scroll of teleportation
 M - a scroll of brand weapon {unknown}
 N - a scroll of magic mapping {unknown}
Potions
 a - a potion of lignification {unknown}
 e - 6 potions of might
 g - 5 potions of degeneration
 k - 3 potions of haste {unknown}
 m - 4 potions of curing
 n - 2 potions of mutation
 o - 5 potions of agility
 p - 3 potions of brilliance
 r - a potion of flight {unknown}
 u - a potion of berserk rage {unknown}
Books
 v - a manual of Staves
 I - a manual of Hexes
Comestibles
 d - 12 rations


   Skills:
 + Level 4.3 Dodging
 + Level 5.1 Stealth
 + Level 15.8 Spellcasting
 + Level 10.8 Conjurations
 + Level 3.2 Hexes
   Level 1.1 Summonings
 + Level 3.9 Translocations
 + Level 4.8 Fire Magic
 + Level 2.2 Ice Magic
 + Level 2.2 Air Magic
 + Level 2.6 Poison Magic
 + Level 1.0 Evocations


You had 7 spell levels left.
You knew the following spells:

 Your Spells              Type           Power        Failure   Level  Hunger
a - Magic Dart            Conj           ####         0%          1    None
b - Blink                 Tloc           N/A          1%          2    None
c - Conjure Flame         Conj/Fire      ######..     1%          3    None
d - Tukima's Dance        Hex            ######..     1%          3    None
e - Poisonous Vapours     Pois/Air       ######       1%          2    None
f - Freezing Cloud        Conj/Ice/Air   #######...   11%         6    None
g - Conjure Ball Lightni  Conj/Air       #######...   6%          6    None
h - Poison Arrow          Conj/Pois      ######....   5%          6    None
i - Fireball              Conj/Fire      ######....   1%          5    None

Your spell library contained the following spells:

 Spells                   Type           Power        Failure   Level  Hunger
 Corona                   Hex            ######.      1%          1    None
 Call Imp                 Summ           #####...     1%          2    None
 Ensorcelled Hibernation  Hex/Ice        #####.       1%          2    None
 Searing Ray              Conj           ######       1%          2    None
 Slow                     Hex            ######..     1%          2    None
 Confuse                  Hex            ######..     1%          3    None
 Dazzling Spray           Conj/Hex       ######       1%          3    None
 Mephitic Cloud           Conj/Pois/Air  #######.     1%          3    None
 Stone Arrow              Conj/Erth      ######       1%          3    None
 Iskenderun's Mystic Bla  Conj           #######.     1%          4    None
 Irradiate                Conj/Tmut      ######....   1%          5    None
 Ring of Flames           Chrm/Fire      #####.....   83%         7    ####...


Dungeon Overview and Level Annotations

Branches:
Dungeon (11/15)            Temple (1/1) D:5            Lair (0/6) D:10
    Orc: D:9-12

Altars:
Ashenzari
Cheibriados
Dithmenos
Elyvilon
Fedhas
Gozag
Hepliaklqana
Kikubaaqudgha
Makhleb
Nemelex Xobeh
Okawaru
Qazlal
Ru
Sif Muna
Trog
Uskayaw
Vehumet
Wu Jian
Xom
Yredelemnul
Zin
The Shining One

Shops:
D:6 *

Annotations:
D:10 exclusion: 2 downstairs


Message History

The arrow hits you!
You hear a shout!
You see here an arrow.
Unknown command.
Casting: Poison Arrow (safe; 5% risk of failure)
Confirm with . or Enter, or press ? or * to list all spells.
You can't see any susceptible monsters within range! (Use Z to cast anyway.)
The centaur shoots an arrow.
The arrow hits you!
You see here an arrow.
A centaur comes into view.
The centaur shouts! x2
The centaur wields a +0 shortbow.
The centaur shoots an arrow.
The arrow barely misses you.
The centaur shoots an arrow.
The arrow hits you.
The centaur shoots an arrow.
The arrow hits you!
The centaur shoots an arrow.
The arrow hits you!
* * * LOW HITPOINT WARNING * * *
There is a stone staircase leading up, spattered with blood here.
You see here 6 arrows.
The centaur shoots an arrow.
The arrow hits you!
You die...

### #.).#.# ...c....##
....[.#..<..#
.....W...##.............
..c......#..............
..............##.....#.#
.c..c........###...#####
.....!........#...#
.........$.........
........@.........#
........((........
.......#.#(....#..
.......##..######
............###
...........##.##..
................#
.....[..........#
#.......#.....#


You could see a shadow and 4 centaurs.

Vanquished Creatures
  A catoblepas (D:9)
  Erica (D:8)
  2 two-headed ogres
  A deep elf mage (D:8)
  A manticore (D:11)
  Maurice (D:8)
  Psyche (D:8)
  2 centaur skeletons (D:10)
  A gargoyle (D:11)
  A yaktaur (D:7)
  2 trolls (D:10)
  A hippogriff (D:11)
  Sigmund (D:2)
  A wraith (D:11)
  The ghost of Hatywr the Cudgeler, an amateur MiCK of Xom (D:3)
  A human (D:7)
  4 hogs (D:7)
  Grum (D:8)
  2 wargs (D:10)
  The ghost of topfpfpflanze the Grave Robber, an amateur DsNe (D:4)
  Menkaure (D:5)
  2 water moccasins
  An orc warrior (D:10)
  4 black bears
  A sky beast (D:10)
  2 eyes of draining (D:11)
  3 ogres
  2 wolves (D:8)
  3 centaurs
  3 big kobolds (Sewer)
  A crocodile (D:9)
  3 bullfrogs
  4 scorpions
  5 wights (D:6)
  8 electric eels (D:9)
  3 howler monkeys (D:9)
  6 crimson imps
  3 quasits
  A centaur zombie (D:7)
  A hound (D:6)
  3 jellies
  6 orc priests
  2 iguanas
  3 worker ants
  6 orc wizards
  A hound zombie (D:9)
  10 gnolls
  11 adders
  3 shadow imps
  An ooze (Sewer)
  An adder skeleton (D:6)
  3 worms
  6 dart slugs
  8 leopard geckos
  34 orcs
  6 ball pythons
  8 bats
  9 giant cockroaches
  9 goblins
  8 hobgoblins
  2 jackals (D:6)
  4 quokkas
  5 frilled lizards
  18 kobolds
  A quokka zombie (D:5)
  9 rats
261 creatures vanquished.

Vanquished Creatures (others)
  5 ball lightnings
  3 plants (D:3)
8 creatures vanquished.

Grand Total: 269 creatures vanquished

Notes
Turn   | Place    | Note
-------+----------+-------------------------------------------
     0 | D:1      | H0rd4k the Deep Elf Wizard began the quest for the Orb.
     0 | D:1      | Reached XP level 1. HP: 10/10 MP: 7/7
   349 | D:1      | Reached skill level 5 in Spellcasting
   349 | D:1      | Reached XP level 2. HP: 15/15 MP: 0/10
   431 | D:1      | Learned a level 2 spell: Blink
   942 | D:2      | Noticed Sigmund
  1083 | D:3      | Reached XP level 3. HP: 18/19 MP: 7/12
  1179 | D:2      | Found an opulent altar of Gozag.
  1180 | D:2      | Found a burning altar of Makhleb.
  1180 | D:2      | Found a blossoming altar of Fedhas.
  1447 | D:2      | Learned a level 3 spell: Conjure Flame
  1643 | D:2      | Reached skill level 6 in Spellcasting
  1962 | D:2      | Reached XP level 4. HP: 24/24 MP: 11/14
  2505 | D:3      | Found a transporter.
  2505 | D:3      | Found a transporter.
  2515 | D:3      | Identified the +3 halberd "Jout" {venom, rF+ Str+8 Int-3
                  | Dex+3}
  2515 | D:3      | Noticed Hatywr's ghost (amateur MiCK)
  2952 | D:3      | Found a sacrificial altar of Ru.
  3185 | D:4      | Reached skill level 1 in Fire Magic
  3194 | D:4      | Reached XP level 5. HP: 28/28 MP: 10/16
  3448 | D:4      | Found a shadowy altar of Dithmenos.
  3573 | D:4      | Found a white marble altar of Elyvilon.
  3574 | D:4      | Found a snail-covered altar of Cheibriados.
  3579 | D:4      | Found a stormy altar of Qazlal.
  3579 | D:4      | Found a hazy altar of Hepliaklqana.
  3583 | D:4      | Found a transporter.
  3590 | D:4      | Noticed topfpfpflanze's ghost (amateur DsNe)
  3596 | D:4      | Noticed an ogre
  3604 | D:4      | Killed an ogre
  3604 | D:4      | Reached skill level 7 in Spellcasting
  3638 | D:4      | Found a transporter.
  3681 | D:4      | Noticed an ogre
  3700 | D:4      | Killed an ogre
  3700 | D:4      | Reached XP level 6. HP: 32/32 MP: 2/18
  4051 | D:5      | Entered Level 5 of the Dungeon
  4359 | D:5      | Found a staircase to the Ecumenical Temple.
  4368 | Temple   | Entered the Ecumenical Temple
  4429 | Temple   | Became a worshipper of Sif Muna the Loreminder
  4543 | D:5      | Found a glowing drain.
  4556 | Sewer    | Entered a sewer
  4828 | Sewer    | Reached skill level 8 in Spellcasting
  4836 | Sewer    | Reached XP level 7. HP: 36/36 MP: 0/20
  5103 | Sewer    | Reached * piety under Sif Muna
  5103 | Sewer    | Reached skill level 5 in Conjurations
  5919 | D:5      | Reached skill level 9 in Spellcasting
  5924 | D:5      | Noticed Menkaure
  5931 | D:5      | Killed Menkaure
  5972 | D:5      | Found an ornate altar of the Wu Jian Council.
  6001 | D:5      | Found a sacrificial altar of Ru.
  6399 | D:2      | Killed Sigmund
  6399 | D:2      | Reached XP level 8. HP: 38/41 MP: 12/23
  7113 | D:6      | Found a sparkling altar of Nemelex Xobeh.
  7276 | D:6      | Reached skill level 10 in Spellcasting
  7624 | D:6      | Reached ** piety under Sif Muna
  8187 | D:6      | Found Hodduf's Assorted Antiques.
  8462 | D:6      | Reached skill level 11 in Spellcasting
  8936 | D:7      | Found a large runed translucent door.
  8936 | D:7      | Found a large runed translucent door.
  8965 | D:7      | Noticed a yaktaur
  9250 | D:7      | Reached XP level 9. HP: 45/45 MP: 16/26
  9451 | D:7      | Found a large runed translucent door.
  9451 | D:7      | Found a large runed translucent door.
  9459 | D:7      | Noticed a two-headed ogre
  9488 | D:7      | Killed a two-headed ogre
  9488 | D:7      | Reached *** piety under Sif Muna
  9488 | D:7      | Reached skill level 12 in Spellcasting
 10537 | D:7      | Reached skill level 13 in Spellcasting
 10706 | D:8      | Noticed Erica
 10750 | D:8      | Noticed Psyche
 10762 | D:8      | Killed Psyche
 10811 | D:8      | Noticed a deep elf mage
 10883 | D:8      | Reached XP level 10. HP: 50/50 MP: 15/29
 10899 | D:8      | Noticed Grum
 10921 | D:8      | Killed Grum
 10938 | D:8      | Got a pitted dagger
 11057 | D:7      | Identified the +4 dagger "Qigyt" {pierce, *Corrode +Rage
                  | Str+8} (You found it on level 8 of the Dungeon)
 11211 | D:8      | Reached **** piety under Sif Muna
 11259 | D:8      | Noticed Maurice
 11443 | D:9      | Found a bloodstained altar of Trog.
 11443 | D:9      | Noticed a two-headed ogre
 11468 | D:9      | Killed a two-headed ogre
 11626 | D:9      | Reached skill level 14 in Spellcasting
 12059 | D:8      | Learned a level 3 spell: Tukima's Dance
 12068 | D:8      | Found a basalt altar of Yredelemnul.
 12630 | D:9      | Noticed a catoblepas
 12668 | D:9      | HP: 2/50 [catoblepas/blast of calcifying dust (3)]
 13297 | D:10     | Entered Level 10 of the Dungeon
 13428 | D:10     | Reached skill level 1 in Hexes
 13440 | D:10     | Reached skill level 5 in Stealth
 13567 | D:10     | Found a staircase to the Lair.
 13686 | D:10     | Found a shimmering altar of Xom.
 13771 | D:10     | Reached skill level 10 in Conjurations
 14881 | D:6      | Bought a papyrus book for 390 gold pieces
 14884 | D:6      | Learned a level 2 spell: Poisonous Vapours
 14891 | D:6      | Learned a level 6 spell: Freezing Cloud
 14960 | D:7      | Reached ***** piety under Sif Muna
 15004 | D:7      | Got a steaming marble ring
 15005 | D:7      | Identified the ring of Paown {Wiz *Drain rPois Int+8} (You
                  | found it on level 7 of the Dungeon)
 15235 | D:3      | Killed Hatywr's ghost
 15235 | D:3      | Reached skill level 15 in Spellcasting
 15641 | D:4      | Killed topfpfpflanze's ghost
 15641 | D:4      | Identified Sif Muna's Reference Book on Conjuration (Sif
                  | Muna gifted it to you on level 4 of the Dungeon)
 15641 | D:4      | Received a gift from Sif Muna
 15641 | D:4      | Reached skill level 1 in Air Magic
 15677 | D:4      | Learned a level 6 spell: Conjure Ball Lightning
 15684 | D:4      | Learned a level 6 spell: Poison Arrow
 15699 | D:4      | Learned a level 5 spell: Fireball
 15824 | D:8      | Killed Maurice
 15824 | D:8      | Reached skill level 1 in Ice Magic
 15824 | D:8      | Reached skill level 1 in Poison Magic
 16285 | D:8      | Killed Erica
 16285 | D:8      | Reached XP level 11. HP: 54/54 MP: 25/32
 16494 | D:8      | Killed a deep elf mage
 16494 | D:8      | Reached skill level 1 in Evocations
 16589 | D:9      | Killed a catoblepas
 18131 | D:11     | Shot with an arrow by a centaur

Skill      XL: |  1  2  3  4  5  6  7  8  9 10 11 |
---------------+----------------------------------+-----
Spellcasting   | 5 6 7 8 9 11 13 15 | 15.8
Conjurations   | 2 3 4 6 7 9 10 | 10.8
Fire Magic     | 1 2 3 4 |  4.8
Stealth        | 3 4 5 |  5.1
Translocations | 2 3 |  3.9
Dodging        | 3 4 |  4.3
Hexes          | 3 |  3.2
Air Magic      | 1 2 |  2.2
Ice Magic      | 1 2 |  2.2
Poison Magic   | 1 2 |  2.6
Evocations     | 1 |  1.0
Summonings     | |  1.1

Action                   |  1- 3 |  4- 6 |  7- 9 | 10-12 || total
-------------------------+-------+-------+-------+-------++-------
Melee: Unarmed           |       |     2 |     2 |       ||     4
 Cast: Magic Dart        |   125 |   185 |   385 |   323 ||  1018
       Blink             |       |     3 |    10 |    24 ||    37
       Conjure Flame     |       |     6 |    25 |    44 ||    75
       Poison Arrow      |       |       |       |    20 ||    20
       Tukima's Dance    |       |       |       |     1 ||     1
       Fireball          |       |       |       |    13 ||    13
       Conjure Ball Ligh |       |       |       |     2 ||     2
Evoke: Wand              |       |       |     2 |    10 ||    12
  Use: Scroll            |       |       |    11 |     5 ||    16
       Potion            |       |       |     1 |     6 ||     7
  Eat: Chunk             |     3 |     5 |     8 |    14 ||    30
       Ration            |       |     1 |     3 |     3 ||     7
Armor: Robe              |     1 |     2 |     3 |    33 ||    39
Dodge: Dodged            |     8 |    14 |    41 |   101 ||   164
